 Dungeon Crawl Stone Soup version 0.30-a0-218-gedb9141078 (webtiles) character file.

Game seed: 5536661962138537184

61 glaedl the Digger (level 4, -4/24 HPs)
             Began as a Gargoyle Earth Elementalist on Oct 5, 2022.
             Slain by a goblin
             ... wielding a +0 dagger of protection
              (5 damage)
             ... on level 2 of the Dungeon.
             The game lasted 00:02:50 (1332 turns).

glaedl the Digger (Gargoyle Earth Elementalist)     Turns: 1332, Time: 00:02:50

Health: -4/24      AC:  5    Str: 12    XL:     4   Next: 7%
Magic:  6/8        EV: 12    Int: 17    God:
Gold:   67         SH:  0    Dex: 10    Spells: 8/9 levels left

rFire   . . .      SeeInvis .    l - +2 dagger (protect)
rCold   . . .      Faith    .    (no shield)
rNeg    + . .      Spirit   .    a - +0 robe
rPois   ∞          Reflect  .    (no helmet)
rElec   +          Harm     .    (no cloak)
rCorr   .          Rampage  .    (no gloves)
Will    .....                    (no boots)
Stlth   ++........               (no amulet)
HPRegen 0.24/turn                (no ring)
MPRegen 0.11/turn                (no ring)

@: no status effects
A: sickness immunity, AC +3, negative energy resistance 1, electricity
resistance, torment resistance 1, petrification resistance
a: no special abilities


You were on level 2 of the Dungeon.
You visited 1 branch of the dungeon, and saw 2 of its levels.

You collected 67 gold pieces.

Inventory:

Hand Weapons
 l - a +2 dagger of protection (weapon)
Armour
 a - a +0 robe (worn)
Scrolls
 c - a scroll of fear {unknown}
 e - 2 scrolls of enchant weapon {unknown}
 f - a scroll of noise {unknown}
 h - a scroll of identify {unknown}
 i - a scroll of amnesia {unknown}
Potions
 d - a potion of curing {unknown}
 g - a potion of attraction {unknown}
 j - a potion of ambrosia {unknown}
 k - a potion of flight {unknown}


   Skills:
 + Level 1.7 Dodging
 + Level 2.3 Stealth
 + Level 3.1 Spellcasting
 + Level 0.7 Transmutations
 + Level 4.6 Earth Magic


You had 8 spell levels left.
You knew the following spells:

 Your Spells              Type           Power      Damage    Failure   Level
a - Sandblast             Erth           36%        2d10      2%          1

Your spell library contained the following spells:

 Spells                   Type           Power      Damage    Failure   Level
 Passwall                 Tmut/Erth      9%         N/A       9%          2
 Stone Arrow              Conj/Erth      20%        3d8       21%         3
 Petrify                  Tmut/Erth      11%        N/A       50%         4


Dungeon Overview and Level Annotations

Branches:
Dungeon (2/15)

Altars:

Annotations:
D:2 Robin


Innate Abilities, Weirdness & Mutations

You are immune to sickness and miasma.
Your stone body is resilient. (AC +3)
You are immune to poison.
You resist negative energy. (rN+)
You are resistant to electric shocks. (rElec)
You are resistant to unholy torment.
You are immune to petrification.


Message History

The goblin is severely wounded.
The hobgoblin hits you. The goblin barely misses you.
Robin throws the goblin at you! The goblin misses you.
Robin throws the goblin at you! The goblin hits you but does no damage.
Magic courses through your body.
The hobgoblin no longer looks unusually strong.
The goblin no longer looks unusually strong.
The goblin misses you. The goblin hits you but does no damage.
The goblin hits you with a +0 dagger of protection.
The hobgoblin hits you.
* * * LOW HITPOINT WARNING * * *
You are too injured to fight recklessly!
Aiming: Sandblast (safe; 2% risk of failure)
Press: ? - help, Q - select action Shift-Dir - straight line, f - goblin, p - goblin
Aim: a goblin, wielding a +0 dagger (strong, 77% to hit)
The blast of sand misses the goblin.
The hobgoblin no longer looks unusually strong.
The goblin no longer looks unusually strong. x3
The goblin hits you with a +0 club.
* * * LOW HITPOINT WARNING * * *
The goblin barely misses you. x2
Robin roars a battlecry!
The goblins go into a battle-frenzy!
Aiming: Sandblast (safe; 2% risk of failure)
Press: ? - help, Q - select action Shift-Dir - straight line, f/p - goblin
Aim: a goblin, wielding a +0 dagger (strong, 77% to hit)
The blast of sand hits the goblin!
You kill the goblin!
The hobgoblin barely misses you. The goblin closely misses you.
The goblin hits you but does no damage. The goblin hits you with a +0 club.
* * * LOW HITPOINT WARNING * * *
The goblin barely misses you.
Aiming: Sandblast (safe; 2% risk of failure)
Press: ? - help, Q - select action Shift-Dir - straight line, f - goblin
Aim: a goblin, wielding a +0 club (strong, 77% to hit)
The blast of sand hits the goblin!
You kill the goblin!
The hobgoblin misses you.
The goblin hits you with a +0 dagger of protection.
You die...

....# #.####....
....#####.##....#
.......##..#....#
...........#....#
....#.###.....>.#
....#.# ##.[....##
#####.####.......#
#.........###†)#
#.......#.# #)@##
#.......#.# ##gg##
#.......#†# ##gg#
#.......#.# #rg)......
#########.#####.###.....
#......... ....
#..#####.. .#.
#.....##.. $.
###†....... .


You could see Robin, a quokka, 2 hobgoblins and 2 goblins.

Vanquished Creatures
  2 adders (D:2)
  A worm (D:2)
  A dart slug (D:1)
  2 endoplasms
  2 giant cockroaches
  10 goblins
  2 hobgoblins (D:1)
  2 jackals (D:2)
  A quokka (D:1)
  2 ball pythons (D:1)
  3 bats (D:1)
  3 frilled lizards (D:1)
  A kobold (D:1)
  7 rats
39 creatures vanquished.

Notes
Turn   | Place    | Note
-------+----------+-------------------------------------------
     0 | D:1      | glaedl the Gargoyle Earth Elementalist began the quest for
                  | the Orb.
     0 | D:1      | Reached XP level 1. HP: 10/10 MP: 3/3
   308 | D:1      | Reached XP level 2. HP: 15/15 MP: 3/5
   595 | D:1      | Found a faded altar of an unknown god.
   665 | D:1      | Reached skill level 4 in Earth Magic
  1062 | D:2      | Reached XP level 3. HP: 19/19 MP: 4/7
  1316 | D:2      | Noticed Robin
  1321 | D:2      | Reached XP level 4. HP: 24/24 MP: 4/8
  1331 | D:2      | HP: 1/24 [goblin/+0 club[Robin] (3)]
  1332 | D:2      | Slain by a goblin

Illustrated notes

Levels and vault maps discovered:
D:1:      eino_arrival_tree_alley, layout_loops_corners,
          shapermc_ecumenical_altar_totnotflames, minmay_tromino_v2
D:2:      layout_rooms, uniq_crazy_yiuf_cottage, uniq_robin, uniq_terence

Skill      XL: |  1  2  3 |
---------------+----------+-----
Earth Magic    | 4 |  4.6
Spellcasting   | 3 |  3.1
Dodging        | |  1.7
Stealth        | |  2.3
Transmutations | |  0.7

Action                   |  1- 3 |  4- 6 || total
-------------------------+-------+-------++-------
Melee: Unarmed           |    25 |       ||    25
       Dagger            |       |     1 ||     1
 Cast: Sandblast         |    46 |     8 ||    54
  Use: Potion            |       |     1 ||     1
Armor: Robe              |    12 |     9 ||    21
Dodge: Dodged            |    29 |    16 ||    45

Table legend: (Time is in decaauts)
 A = Elapsed time spent in this place.
 B = Non-inter-level travel time spent in this place.
 C = Inter-level travel time spent in this place.
 D = Time resting spent in this place.
 E = Time spent auto-exploring this place.
 F = Levels seen in this place.
 G = Mean time per level.
                   A        B        C        D        E       F      G
               +--------+--------+--------+--------+--------+-----+--------+
         Total |   1357 |   1340 |     17 |    110 |   1029 |   2 |  678.5 |
       Dungeon |   1357 |   1340 |     17 |    110 |   1029 |   2 |  678.5 |
               +--------+--------+--------+--------+--------+-----+--------+

Top non-repeatable levels by time:
     D:1: 1070 daAuts
     D:2: 287 daAuts
